 Dungeon Crawl Stone Soup version 0.27-a0-1290-g15d3ce7508 (webtiles) character file.

Game seed: 18054832510214739597

147909 Bapho the Illuminatus (level 17, -4/145 HPs)
             Began as a Gnoll Conjurer on June 15, 2021.
             Was a High Priest of Ashenzari.
             Slain by an 11-headed hydra (12 damage)
             ... on level 2 of the Swamp.
             The game lasted 01:33:48 (47597 turns).

Bapho the Illuminatus (Gnoll Conjurer)             Turns: 47597, Time: 01:33:48

Health: -4/145     AC: 19    Str: 21    XL:     17   Next: 47%
Magic:  18/38      EV: 19    Int: 23    God:    Ashenzari [*****.]
Gold:   407        SH: 14    Dex: 19    Spells: 2/50 levels left

rFire    + + .     SeeInvis +   t - +9 war axe of Ashenzari's Gloom {vamp, Str+4 Int-2 Dex+4 Stlth+, Bglg, Alch} (curse)
rCold    + + .     Faith    .   V - +0 kite shield of the Enlightened Dismay {Bglg, Range} (curse)
rNeg     + + +     Spirit   .   H - +0 pearl dragon scales of the Cosmos {rN+, Melee, Self} (curse)
rPois    +         Reflect  .   A - -2 hat of the Alchemist {rElec rPois rF+ rC+ rN+ Will+ rMut rCorr, Self, Cun} (curse)
rElec    +         Harm     .   N - scarf of Ashenzari's Anarchy {rC+ rF+, Alch, Melee} (curse)
rCorr    +         Rampage  +   b - +1 pair of gloves "Share My Unpleasantness" {Rampage Str+2 Stlth+, Self, Fort} (curse)
rMut     +         Clarity  +   Y - +0 pair of boots of Ashenzari's Anxiety {Fort, Range} (curse)
Will     +++..                  (no amulet)
Stlth    +++++++...             Q - ring "Planets of the Ether" {Will+ Str+4 Int+4, Cun, Range} (curse)
HPRegen  0.34/turn              r - ring of Ouranomancy {rN+ Str+3 Dex+2, Evo, Melee} (curse)
MPRegen  0.26/turn

@: on berserk cooldown, very slightly contaminated, slowed, studying Unarmed
Combat, very slow
A: fangs 1, strong nose, distributed training
a: Renounce Religion, Shatter the Chains


You were on level 2 of the Swamp.
You worshipped Ashenzari.
Ashenzari was extremely pleased with you.
You visited 5 branches of the dungeon, and saw 27 of its levels.
You visited 1 bazaar.
You also visited: Bailey.

You collected 2979 gold pieces.
You spent 2572 gold pieces at shops.

Inventory:

Hand Weapons
 t - the cursed +9 war axe of Ashenzari's Gloom (weapon) {vamp, Str+4 Int-2 Dex+4 Stlth+, Bglg, Alch}
   (You bought it in a shop in a bazaar)

   It inflicts no extra harm, but heals its wielder when it wounds a living foe.
   It affects your strength (+4).
   It affects your intelligence (-2).
   It affects your dexterity (+4).
   It makes you more stealthy.
   It has a curse which improves the following skills: Beguiling: Conjurations,
   Hexes and Translocations.
   Alchemy:   Poison Magic and Transmutations.
Missiles
 m - a throwing net
 u - 18 atropa-tipped darts
 C - 2 boomerangs of dispersal
 L - 7 silver javelins
Armour
 b - the cursed +1 pair of gloves "Share My Unpleasantness" (worn) {Rampage Str+2 Stlth+, Self, Fort}
   (You acquired it on level 6 of the Lair of Beasts)

   It affects your strength (+2).
   It bestows one free step when moving towards enemies.
   It makes you more stealthy.
   It has a curse which improves the following skills: Introspection: Fighting
   and Spellcasting.
   Fortitude: Armour and Shields.
 A - the cursed -2 hat of the Alchemist (worn) {rElec rPois rF+ rC+ rN+ Will+ rMut rCorr, Self, Cun}
   (You bought it in a shop on level 2 of the Orcish Mines)

   It protects you from fire.
   It protects you from cold.
   It insulates you from electricity.
   It protects you from poison.
   It protects you from negative energy.
   It protects you from acid and corrosion.
   It protects you from mutation.
   It increases your willpower.
   It has a curse which improves the following skills: Introspection: Fighting
   and Spellcasting.
   Cunning:   Dodging and Stealth.
 H - the cursed +0 pearl dragon scales of the Cosmos (worn) {rN+, Melee, Self}
   (You found it on level 1 of the Lair of Beasts)

   It protects you from negative energy.
   It has a curse which improves the following skills: Melee Combat: Short
   Blades, Long Blades, Axes, Maces & Flails, Polearms, Staves and Unarmed
   Combat.
   Introspection: Fighting and Spellcasting.
 N - the cursed scarf of Ashenzari's Anarchy (worn) {rC+ rF+, Alch, Melee}
   (You found it on level 10 of the Dungeon)

   It has a curse which improves the following skills: Alchemy: Poison Magic and
   Transmutations.
   Melee Combat: Short Blades, Long Blades, Axes, Maces & Flails, Polearms,
   Staves and Unarmed Combat.
 V - the cursed +0 kite shield of the Enlightened Dismay (worn) {Bglg, Range}
   (You found it on level 11 of the Dungeon)

   It has a curse which improves the following skills: Beguiling: Conjurations,
   Hexes and Translocations.
   Ranged Combat: Slings, Bows, Crossbows and Throwing.
 Y - the cursed +0 pair of boots of Ashenzari's Anxiety (worn) {Fort, Range}
   (You found it on level 4 of the Lair of Beasts)

   It has a curse which improves the following skills: Fortitude: Armour and
   Shields.
   Ranged Combat: Slings, Bows, Crossbows and Throwing.
Jewellery
 h - a ring of magical power
 l - a +6 ring of dexterity
 r - the cursed ring of Ouranomancy (right hand) {rN+ Str+3 Dex+2, Evo, Melee}
   (You found it on level 6 of the Lair of Beasts)

   [ring of positive energy]

   It affects your strength (+3).
   It affects your dexterity (+2).
   It protects you from negative energy.
   It has a curse which improves the following skills: Evocations: Evocations.
   Melee Combat: Short Blades, Long Blades, Axes, Maces & Flails, Polearms,
   Staves and Unarmed Combat.
 Q - the cursed ring "Planets of the Ether" (left hand) {Will+ Str+4 Int+4, Cun, Range}
   (You found it on level 15 of the Dungeon)

   [ring of willpower]

   It affects your strength (+4).
   It affects your intelligence (+4).
   It increases your willpower.
   It has a curse which improves the following skills: Cunning: Dodging and
   Stealth.
   Ranged Combat: Slings, Bows, Crossbows and Throwing.
 R - a +4 ring of slaying
 U - a ring of protection from cold
Wands
 i - a wand of acid (2)
 w - a wand of flame (29)
 z - a wand of polymorph (30)
 J - a wand of digging (8)
 O - a wand of paralysis (28)
 S - a wand of charming (20)
 W - a wand of iceblast (29)
Scrolls
 c - 5 scrolls of enchant armour
 g - 4 scrolls of enchant weapon
 j - 4 scrolls of amnesia
 k - 8 scrolls of magic mapping
 v - 11 scrolls of teleportation
 y - 5 scrolls of brand weapon
 B - a scroll of summoning
 G - 2 scrolls of silence
 K - 2 scrolls of fog
 Z - a scroll of fear
Potions
 a - 4 potions of flight
 e - a potion of invisibility
 f - 8 potions of lignification
 n - 13 potions of curing
 o - 3 potions of haste
 p - 4 potions of brilliance
 q - a potion of cancellation
 x - a potion of magic
 D - 3 potions of mutation
 E - a potion of resistance
 F - 10 potions of ambrosia
 M - 3 potions of heal wounds
 T - 3 potions of might


   Skills:
 + Level 11.5(16.3) Fighting
 + Level 11.5(16.3) Short Blades
 + Level 11.5(16.3) Long Blades
 + Level 11.5(16.3) Axes
 + Level 11.5(16.3) Maces & Flails
 + Level 11.5(16.3) Polearms
 + Level 11.5(16.3) Staves
 + Level 11.5(16.3) Slings
 + Level 11.5(16.3) Bows
 + Level 11.5(16.3) Crossbows
 + Level 11.5(16.3) Throwing
 + Level 11.5(15.2) Armour
 + Level 12.3(15.9) Dodging
 + Level 12.2(15.8) Stealth
 + Level 11.5(15.2) Shields
 + Level 12.3(17.1) Unarmed Combat
 + Level 12.4(17.2) Spellcasting
 + Level 11.9(15.5) Conjurations
 + Level 9.8(13.6) Hexes
 + Level 9.8 Summonings
 + Level 9.8 Necromancy
 + Level 9.8(13.6) Translocations
 + Level 9.8(13.6) Transmutations
 + Level 9.8 Fire Magic
 + Level 9.8 Ice Magic
 + Level 9.8 Air Magic
 + Level 9.8 Earth Magic
 + Level 9.8(13.6) Poison Magic
 + Level 12.4 Invocations
 + Level 11.5(13.9) Evocations


You had 2 spell levels left.
You knew the following spells:

 Your Spells              Type           Power      Damage    Failure   Level
a - Magic Dart            Conj           100%       1d8       0%          1
b - Searing Ray           Conj           100%       3d7       0%          2
c - Dazzling Flash        Conj/Hex       100%       N/A       1%          3
d - Fulminant Prism       Conj/Hex       36%        3d18      1%          4
e - Mephitic Cloud        Conj/Pois/Air  68%        N/A       1%          3
f - Olgreb's Toxic Radia  Pois           70%        N/A       1%          4
g - Ignite Poison         Fire/Tmut/Pois 67%        N/A       1%          3
h - Poisonous Vapours     Pois/Air       100%       N/A       1%          2
i - Bolt of Magma         Conj/Fire/Erth 32%        4d14      1%          5
j - Stone Arrow           Conj/Erth      100%       3d13      1%          3
k - Iron Shot             Conj/Erth      34%        9d7       5%          6
l - Starburst             Conj/Fire      34%        8x6d10    5%          6
m - Statue Form           Tmut/Erth      43%        N/A       8%          6

Your spell library contained the following spells:

 Spells                   Type           Power      Damage    Failure   Level
 Animate Skeleton         Necr           100%       N/A       1%          1
 Apportation              Tloc           100%       N/A       1%          1
 Beastly Appendage        Tmut           100%       N/A       1%          1
 Corona                   Hex            77%        N/A       1%          1
 Foxfire                  Conj/Fire      100%       2x1d9     1%          1
 Sandblast                Erth           100%       2d20      1%          1
 Sting                    Tmut/Pois      100%       1d8       1%          1
 Summon Small Mammal      Summ           100%       N/A       1%          1
 Blink                    Tloc           N/A        N/A       1%          2
 Call Imp                 Summ           60%        N/A       1%          2
 Passwall                 Tmut/Erth      54%        N/A       1%          2
 Slow                     Hex            70%        N/A       1%          2
 Wereblood                Tmut           70%        N/A       1%          2
 Call Canine Familiar     Summ           60%        N/A       1%          3
 Confusing Touch          Hex            70%        N/A       1%          3
 Conjure Flame            Conj/Fire      68%        6-21      1%          3
 Gell's Gravitas          Tloc           35%        N/A       1%          3
 Inner Flame              Hex/Fire       65%        N/A       1%          3
 Spider Form              Tmut/Pois      35%        N/A       1%          3
 Summon Guardian Golem    Hex/Summ       65%        N/A       1%          3
 Animate Armour           Summ/Erth      100%       N/A       1%          4
 Ice Form                 Ice/Tmut       65%        N/A       1%          4
 Iskenderun's Mystic Bla  Conj/Tloc      72%        2d15      1%          4
 Leda's Liquefaction      Hex/Erth       32%        N/A       1%          4
 Petrify                  Tmut/Erth      65%        N/A       1%          4
 Sticky Flame             Conj/Fire      68%        2d8       1%          4
 Summon Ice Beast         Ice/Summ       60%        N/A       1%          4
 Summon Lightning Spire   Summ/Air       60%        N/A       1%          4
 Fireball                 Conj/Fire      34%        3d14      1%          5
 Metabolic Englaciation   Hex/Ice        32%        N/A       1%          5
 Yara's Violent Unravell  Hex/Tmut       35%        3d14      1%          5
 Lee's Rapid Deconstruct  Erth           30%        3d17*     3%          5
 Ignition                 Fire           30%        3d10      100%        8
 Shatter                  Erth           30%        3d25*     100%        9


Dungeon Overview and Level Annotations

Branches:
Dungeon (15/15)            Temple (1/1) D:6            Lair (6/6) D:9
  Swamp (3/4) Lair:3       Spider (0/4) Lair:2        Slime (0/5) Lair:5
    Orc (2/2) D:11            Elf (0/3) Orc:2        Vaults (0/5) D:14
 Depths (0/5) D:15         Bailey (visited)

Altars:
Ashenzari
Cheibriados
Dithmenos
Elyvilon
Fedhas
Gozag
Hepliaklqana
Kikubaaqudgha
Makhleb
Nemelex Xobeh
Okawaru
Qazlal
Ru
Sif Muna
Trog
Uskayaw
Vehumet
Wu Jian
Xom
Yredelemnul
Zin
The Shining One
Beogh
Jiyva

Shops:
D:11 *   D:12 (   Orc:1 !   Orc:2 *[[?

Annotations:
Lair:3 2 transporters, exclusion: ice statue, Setredux's ghost, journeyman DECj


Innate Abilities, Weirdness & Mutations

You have very sharp teeth.
Your uncanny sense of smell can sniff out nearby items.
Your experience applies equally to all skills.


Message History

The nine-headed hydra grows two more!
You slash the 11-headed hydra!
You feel better.
You block the 11-headed hydra's attack. x2
The 11-headed hydra barely misses you.
The 11-headed hydra bites you but does no damage.
The 11-headed hydra closely misses you. The 11-headed hydra bites you!
* * * LOW HITPOINT WARNING * * *
The 11-headed hydra bites you.
* * * LOW HITPOINT WARNING * * *
You block the 11-headed hydra's attack. The 11-headed hydra misses you.
The 11-headed hydra bites you.
* * * LOW HITPOINT WARNING * * *
The 11-headed hydra bites you!
* * * LOW HITPOINT WARNING * * *
You are too berserk!
You see here a vampire mosquito corpse.
You feel a strong urge to attack something.
You block the 11-headed hydra's attack. The 11-headed hydra misses you.
The 11-headed hydra bites you but does no damage.
The 11-headed hydra bites you!
* * * LOW HITPOINT WARNING * * *
The 11-headed hydra closely misses you. x4; The 11-headed hydra misses you.
You block the 11-headed hydra's attack.
The 11-headed hydra bites you but does no damage.
There is a stone staircase leading down, spattered with blood here.
You are no longer berserk.
You are exhausted.
You feel yourself slow down.
Aiming: Paralyse
Press: ? - help, Shift-Dir - straight line, f - 11-headed hydra
Aim: an 11-headed hydra (moderately wounded, chance to affect: 45%)
The 11-headed hydra resists with some effort.
The 11-headed hydra completely misses you. x2
The 11-headed hydra bites you!
* * * LOW HITPOINT WARNING * * *
You block the 11-headed hydra's attack. The 11-headed hydra barely misses you.
You block the 11-headed hydra's attack. x2
The 11-headed hydra closely misses you.
The 11-headed hydra completely misses you.
The 11-headed hydra closely misses you. The 11-headed hydra bites you!
You die...

.###)####.#≈.....≈.≈≈..#≈...≈♣♣♣♣
..##.....≈≈≈≈......≈..♣♣≈.§≈§♣♣♣♣
...#...♣≈.≈≈..≈≈≈§.#♣.......♣≈♣♣♣
..##..♣♣♣♣≈♣♣♣.§≈≈≈....#...♣♣≈...
...#.♣♣♣♣♣♣♣♣♣≈....≈......≈≈..≈≈.
≈...≈≈♣♣♣♣♣♣♣♣♣§≈≈.#..........≈≈§
≈.#..♣♣♣♣ ♣♣♣♣♣.≈≈.#...#.≈≈♣.≈...
≈.#♣♣♣♣♣* ♣♣♣♣♣≈.§.#...#.≈♣♣♣≈..♣
.≈♣♣♣♣♣≈≈♣♣♣♣.†D@.≈##.##..≈≈..♣♣♣
...♣♣♣♣♣♣♣♣♣♣♣†≈.≈≈.......≈.≈.♣♣♣
..♣♣♣♣♣.≈≈♣♣♣♣♣..♣♣♣♣♣♣≈..≈≈≈.♣♣♣
..♣♣♣.≈≈≈≈≈♣♣♣♣.♣♣♣♣♣♣≈♣.≈≈≈≈.♣♣♣
..♣♣.≈≈##'##♣♣♣♣≈♣♣♣♣♣≈≈≈.§≈.≈♣♣♣
..♣♣.≈##...##♣♣♣≈♣♣♣♣.≈≈≈≈≈≈≈.♣♣♣
≈♣≈♣≈§#....(#♣♣♣≈.♣♣..≈≈≈≈≈≈≈.♣♣♣
≈♣≈♣≈.#.....#♣♣♣.♣♣≈...≈≈§≈≈≈≈≈♣♣
≈.≈♣♣≈##..[##♣♣♣♣♣≈.......≈≈≈≈..♣


You could see a 11-headed hydra.

Vanquished Creatures
  Jorgrun (Orc:2)
  2 tentacled monstrosities (Swamp:2)
  An orc warlord (Orc:2)
  2 green draconians (Swamp:1)
  The ghost of Qohum the Carver, a journeyman DrGl of Cheibriados (D:13)
  4 dire elephants (Lair:6)
  4 bunyips
  5 eleionomae
  An ogre mage (D:15)
  16 hydras
  2 ghost crabs (Swamp:1)
  2 vault guards (D:14)
  4 boulder beetles
  A death knight (D:15)
  5 centaur warriors
  9 two-headed ogres
  6 alligators
  Urug (D:12)
  4 orc high priests (Orc:2)
  4 death yaks
  Nergalle (Lair:2)
  A spectral anaconda (Lair:6)
  An obsidian statue (Lair:6)
  2 spriggan druids (Swamp:2)
  A golden dragon zombie (D:15)
  4 swamp dragons
  3 goliath frogs
  7 skeletal warriors
  A bog body (Swamp:1)
  A phantasmal warrior (D:15)
  2 deep elf pyromancers
  3 wizards
  7 orc knights
  14 ugly things
  6 necromancers
  A frost giant zombie (D:15)
  3 will-o-the-wisps
  6 orc sorcerers
  16 elephants
  7 cyclopes
  3 manticores
  Joseph (D:8)
  2 dire elephant zombies (Lair:6)
  7 black mambas
  A spriggan zombie (D:15)
  A gargoyle (D:12)
  A stone giant skeleton (D:15)
  A dire elephant skeleton (Lair:6)
  2 kobold demonologists (D:14)
  14 cane toads
  4 rime drakes
  6 yaktaurs
  9 komodo dragons
  3 freezing wraiths (D:15)
  2 efreet
  A queen bee (D:11)
  8 trolls
  3 polar bears
  3 hornets
  Grinder (D:5)
  4 tyrant leeches
  3 slime creatures (D:12)
  5 blink frogs
  3 spectral elephants (Lair:6)
  A redback (Lair:2)
  Sigmund (D:5)
  2 spriggans
  4 wraiths
  Eustachio (D:5)
  A water elemental (D:13)
  2 dire elephant simulacra (Lair:6)
  A vampire (D:10)
  15 wyverns
  60 yaks
  6 basilisks
  19 humans (D:14)
  12 vampire mosquitoes
  2 steam dragons
  2 spectral cane toads (Lair:6)
  6 swamp worms
  A death yak simulacrum (Lair:6)
  5 wargs (Orc:2)
  10 water moccasins
  Duvessa (D:5)
  42 orc warriors
  3 swamp drakes (Swamp:1)
  2 black bears
  3 necrophages
  3 elephant zombies (Lair:6)
  An ice beast (D:6)
  6 ogres
  A boggart (D:14)
  A wolf (D:14)
  4 elephant skeletons (Lair:6)
  12 centaurs
  2 kobold brigands
  2 gnoll sergeants
  Dowan (D:5)
  A wyvern zombie (D:8)
  6 bullfrogs
  2 cane toad simulacra (Lair:6)
  4 elephant simulacra (Lair:6)
  A water moccasin skeleton (D:7)
  30 killer bees
  3 electric eels
  9 wights
  3 howler monkeys
  4 centaur zombies
  A bullfrog zombie (D:4)
  3 gnoll shamans
  3 hounds
  17 orc priests
  2 bullfrog skeletons
  A centaur skeleton (D:6)
  Jessica (D:2)
  3 scorpion zombies (D:4)
  2 iguanas
  33 orc wizards
  7 hell rats (Lair:6)
  6 hound zombies
  A hound skeleton (D:4)
  2 howler monkey zombies
  17 adders
  27 gnolls
  A shadow imp (D:6)
  2 ufetubi (D:5)
  2 adder zombies (D:4)
  2 adder skeletons (D:4)
  2 dart slugs
  86 orcs
  7 ball pythons
  7 bats
  7 endoplasms
  2 giant cockroaches (D:1)
  10 goblins
  6 hobgoblins
  2 quokkas
  6 frilled lizards
  29 kobolds
  2 rats
847 creatures vanquished.

Vanquished Creatures (others)
  A centaur zombie (D:10)
  A swamp worm (Swamp:3)
  15 foxfires
  12 fulminant prisms
  27 fungi
  61 plants
  31 withered plants
148 creatures vanquished.

Grand Total: 995 creatures vanquished

Notes
Turn   | Place    | Note
-------+----------+-------------------------------------------
     0 | D:1      | Bapho the Gnoll Conjurer began the quest for the Orb.
     0 | D:1      | Reached XP level 1. HP: 13/13 MP: 6/6
   134 | D:1      | Reached XP level 2. HP: 19/19 MP: 4/7
   367 | D:1      | Found a faded altar of an unknown god.
   424 | D:1      | Learned a level 2 spell: Searing Ray
   534 | D:1      | Reached XP level 3. HP: 25/25 MP: 6/9
   538 | D:1      | Learned a level 3 spell: Dazzling Flash
   677 | D:1      | Reached skill level 5 in Spellcasting
  1046 | D:2      | Found a burning altar of Makhleb.
  1109 | D:2      | Reached skill level 1 in Invocations
  1142 | D:2      | Reached skill level 1 in Fighting
  1142 | D:2      | Reached skill level 1 in Short Blades
  1142 | D:2      | Reached skill level 1 in Long Blades
  1142 | D:2      | Reached skill level 1 in Axes
  1142 | D:2      | Reached skill level 1 in Maces & Flails
  1142 | D:2      | Reached skill level 1 in Polearms
  1142 | D:2      | Reached skill level 1 in Staves
  1142 | D:2      | Reached skill level 1 in Slings
  1142 | D:2      | Reached skill level 1 in Bows
  1142 | D:2      | Reached skill level 1 in Crossbows
  1142 | D:2      | Reached skill level 1 in Throwing
  1142 | D:2      | Reached skill level 1 in Armour
  1142 | D:2      | Reached skill level 1 in Shields
  1142 | D:2      | Reached skill level 1 in Unarmed Combat
  1142 | D:2      | Reached skill level 1 in Evocations
  1198 | D:2      | Reached XP level 4. HP: 24/32 MP: 4/11
  1676 | D:2      | Noticed Jessica
  1678 | D:2      | Killed Jessica
  1679 | D:2      | Reached skill level 1 in Hexes
  1679 | D:2      | Reached skill level 1 in Summonings
  1679 | D:2      | Reached skill level 1 in Necromancy
  1679 | D:2      | Reached skill level 1 in Translocations
  1679 | D:2      | Reached skill level 1 in Transmutations
  1679 | D:2      | Reached skill level 1 in Fire Magic
  1679 | D:2      | Reached skill level 1 in Ice Magic
  1679 | D:2      | Reached skill level 1 in Air Magic
  1679 | D:2      | Reached skill level 1 in Earth Magic
  1679 | D:2      | Reached skill level 1 in Poison Magic
  1690 | D:2      | Reached XP level 5. HP: 37/37 MP: 8/12
  2428 | D:3      | Learned a level 4 spell: Fulminant Prism
  3159 | D:3      | Found a sacrificial altar of Ru.
  3371 | D:4      | Reached XP level 6. HP: 44/44 MP: 6/13
  3452 | D:4      | Reached skill level 5 in Dodging
  3948 | D:4      | Reached XP level 7. HP: 50/50 MP: 4/15
  4565 | D:5      | Entered Level 5 of the Dungeon
  4877 | D:5      | Noticed Grinder
  4877 | D:5      | Found a shadowy altar of Dithmenos.
  5247 | D:5      | Noticed Eustachio
  5375 | D:5      | Killed Eustachio
  5376 | D:5      | Reached skill level 5 in Stealth
  5486 | D:5      | Noticed Duvessa
  5493 | D:5      | Killed Duvessa
  5493 | D:5      | Noticed Dowan
  5494 | D:5      | Reached XP level 8. HP: 51/57 MP: 7/16
  5553 | D:5      | Killed Dowan
  6000 | D:5      | Noticed Sigmund
  6057 | D:5      | Killed Sigmund
  6208 | D:5      | Killed Grinder
  7218 | D:5      | Reached XP level 9. HP: 44/65 MP: 14/18
  7374 | D:6      | Learned a level 3 spell: Mephitic Cloud
  7675 | D:6      | Found a glowing golden altar of the Shining One.
  8701 | D:6      | Found a staircase to the Ecumenical Temple.
  8715 | Temple   | Entered the Ecumenical Temple
  8838 | Temple   | Became a worshipper of Ashenzari the Shackled
  8838 | Temple   | Identified 2 scrolls of acquirement
 10135 | D:7      | Reached skill level 5 in Invocations
 10916 | D:8      | Noticed Joseph
 10957 | D:8      | Killed Joseph
 10958 | D:8      | Reached XP level 10. HP: 24/73 MP: 15/20
 11715 | D:8      | Reached skill level 5 in Fighting
 11715 | D:8      | Reached skill level 5 in Short Blades
 11715 | D:8      | Reached skill level 5 in Long Blades
 11715 | D:8      | Reached skill level 5 in Axes
 11715 | D:8      | Reached skill level 5 in Maces & Flails
 11715 | D:8      | Reached skill level 5 in Polearms
 11715 | D:8      | Reached skill level 5 in Staves
 11715 | D:8      | Reached skill level 5 in Slings
 11715 | D:8      | Reached skill level 5 in Bows
 11715 | D:8      | Reached skill level 5 in Crossbows
 11715 | D:8      | Reached skill level 5 in Throwing
 11715 | D:8      | Reached skill level 5 in Armour
 11715 | D:8      | Reached skill level 5 in Shields
 11715 | D:8      | Reached skill level 5 in Unarmed Combat
 11715 | D:8      | Reached skill level 5 in Evocations
 12029 | D:8      | Reached * piety under Ashenzari
 12063 | D:8      | Paralysed by a hornet for 3 turns
 12067 | D:8      | HP: 3/76 [hornet (7)]
 12410 | D:8      | Found a shimmering altar of Xom.
 12887 | D:9      | Learned a level 4 spell: Olgreb's Toxic Radiance
 12891 | D:9      | Learned a level 3 spell: Ignite Poison
 13475 | D:9      | Noticed a death yak
 13578 | D:9      | Killed a death yak
 13753 | D:9      | Noticed a two-headed ogre
 13762 | D:9      | Killed a two-headed ogre
 14014 | D:9      | Learned a level 2 spell: Poisonous Vapours
 14207 | D:9      | Reached XP level 11. HP: 77/83 MP: 16/23
 14356 | D:9      | Found a staircase to the Lair.
 14824 | D:9      | Reached ** piety under Ashenzari
 14980 | D:9      | Found a sparkling altar of Nemelex Xobeh.
 14986 | D:9      | Found a hide-covered altar of Uskayaw.
 14999 | D:9      | Found a white marble altar of Elyvilon.
 15032 | D:10     | Entered Level 10 of the Dungeon
 15047 | D:10     | Reached skill level 5 in Hexes
 15047 | D:10     | Reached skill level 5 in Summonings
 15047 | D:10     | Reached skill level 5 in Necromancy
 15047 | D:10     | Reached skill level 5 in Translocations
 15047 | D:10     | Reached skill level 5 in Transmutations
 15047 | D:10     | Reached skill level 5 in Fire Magic
 15047 | D:10     | Reached skill level 5 in Ice Magic
 15047 | D:10     | Reached skill level 5 in Air Magic
 15047 | D:10     | Reached skill level 5 in Earth Magic
 15047 | D:10     | Reached skill level 5 in Poison Magic
 16039 | D:10     | Learned a level 5 spell: Bolt of Magma
 16081 | D:10     | Found a radiant altar of Vehumet.
 16690 | D:11     | Found Garchal's General Store.
 16692 | D:11     | Found a staircase to the Orcish Mines.
 16993 | D:11     | Noticed a cyclops
 16998 | D:11     | Killed a cyclops
 17592 | D:11     | Reached XP level 12. HP: 76/95 MP: 20/26
 17802 | D:11     | Noticed a four-headed hydra
 18043 | D:11     | Noticed a six-headed hydra
 18399 | Lair:1   | Entered Level 1 of the Lair of Beasts
 20087 | Lair:2   | Noticed a seven-headed hydra
 20287 | Lair:1   | Acquired 376 gold pieces
 20289 | Lair:1   | Acquired a book of Geomancy
 20295 | Lair:1   | Learned a level 3 spell: Stone Arrow
 20304 | Lair:2   | Killed a seven-headed hydra
 20476 | Lair:2   | Reached *** piety under Ashenzari
 20572 | Lair:2   | Found a hole to the Spider Nest.
 20632 | Lair:2   | Noticed Nergalle
 20640 | Lair:2   | Killed Nergalle
 21315 | Lair:2   | HP: 4/95 [poisoned by a cane toad]
 22365 | Lair:3   | Found a transporter.
 22422 | Lair:3   | Found a transporter.
 22433 | Lair:3   | Reached **** piety under Ashenzari
 22654 | Lair:3   | Reached XP level 13. HP: 90/106 MP: 29/29
 23485 | Lair:3   | Noticed Setredux's ghost (journeyman DECj)
 23591 | Lair:3   | Found a staircase to the Swamp.
 24553 | Lair:4   | Learned a level 6 spell: Iron Shot
 25005 | Lair:4   | Reached skill level 10 in Conjurations
 26369 | Lair:5   | Found a viscous altar of Jiyva.
 26370 | Lair:5   | Found a staircase to the Slime Pits.
 26747 | Lair:5   | Reached skill level 10 in Spellcasting
 27049 | Lair:6   | Entered Level 6 of the Lair of Beasts
 27088 | Lair:6   | Acquired the +1 pair of gloves of Fortification {Rampage
                  | Str+2 Stlth+}
 27095 | Lair:6   | Reached ***** piety under Ashenzari
 27384 | Lair:6   | Noticed a dire elephant
 27384 | Lair:6   | Noticed a dire elephant
 27386 | Lair:6   | Noticed a dire elephant
 27387 | Lair:6   | Noticed a dire elephant
 27461 | Lair:6   | Reached XP level 14. HP: 103/119 MP: 20/33
 27559 | Lair:6   | Reached skill level 10 in Dodging
 28516 | Lair:6   | Reached skill level 10 in Stealth
 28828 | Lair:6   | Identified the ring of Xiklint {rN+ Str+3 Dex+2}
 29038 | Lair:6   | Reached skill level 10 in Invocations
 31131 | Lair:6   | Killed a dire elephant
 31131 | Lair:6   | Killed a dire elephant
 31131 | Lair:6   | Killed a dire elephant
 31605 | Lair:6   | Killed a dire elephant
 32181 | Orc:1    | Entered Level 1 of the Orcish Mines
 32181 | Orc:1    | Found Pots's Distillery.
 32549 | Orc:1    | Bought a potion of heal wounds for 80 gold pieces
 32549 | Orc:1    | Bought a potion of curing for 48 gold pieces
 32549 | Orc:1    | Bought a potion of magic for 128 gold pieces
 32549 | Orc:1    | Bought a potion of curing for 48 gold pieces
 32549 | Orc:1    | Bought a potion of heal wounds for 80 gold pieces
 32746 | Orc:1    | Reached XP level 15. HP: 127/127 MP: 20/34
 33841 | Orc:2    | Entered Level 2 of the Orcish Mines
 33852 | Orc:2    | Found a staircase to the Elven Halls.
 34371 | Orc:2    | Noticed an orc warlord
 34378 | Orc:2    | Killed an orc warlord
 34833 | Orc:2    | Found Zuelokic's Magic Scroll Boutique.
 34911 | Orc:2    | Reached skill level 10 in Fighting
 34911 | Orc:2    | Reached skill level 10 in Short Blades
 34911 | Orc:2    | Reached skill level 10 in Long Blades
 34911 | Orc:2    | Reached skill level 10 in Axes
 34911 | Orc:2    | Reached skill level 10 in Maces & Flails
 34911 | Orc:2    | Reached skill level 10 in Polearms
 34911 | Orc:2    | Reached skill level 10 in Staves
 34911 | Orc:2    | Reached skill level 10 in Slings
 34911 | Orc:2    | Reached skill level 10 in Bows
 34911 | Orc:2    | Reached skill level 10 in Crossbows
 34911 | Orc:2    | Reached skill level 10 in Throwing
 34911 | Orc:2    | Reached skill level 10 in Armour
 34911 | Orc:2    | Reached skill level 10 in Shields
 34911 | Orc:2    | Reached skill level 10 in Unarmed Combat
 34911 | Orc:2    | Reached skill level 10 in Evocations
 35018 | Orc:2    | Noticed Jorgrun
 35297 | Orc:2    | Found Hunaunk's Armour Emporium.
 35656 | Orc:2    | Found Erhib's Assorted Antiques.
 35657 | Orc:2    | Found Tomifoakh's Antique Armour Emporium.
 35664 | Orc:2    | Killed Jorgrun
 35740 | Orc:2    | Bought a scroll of teleportation for 78 gold pieces
 35740 | Orc:2    | Bought a scroll of teleportation for 78 gold pieces
 35740 | Orc:2    | Bought a scroll of fear for 91 gold pieces
 35742 | Orc:2    | Bought the -2 hat of the Alchemist {rElec rPois rF+ rC+ rN+
                  | Will+ rMut rCorr} for 708 gold pieces
 35742 | Orc:2    | Found the -2 hat of the Alchemist {rElec rPois rF+ rC+ rN+
                  | Will+ rMut rCorr}
 35753 | Orc:2    | Bought a scroll of teleportation for 45 gold pieces
 35753 | Orc:2    | Bought a scroll of silence for 112 gold pieces
 35753 | Orc:2    | Bought a scroll of silence for 112 gold pieces
 35753 | Orc:2    | Bought a scroll of fog for 30 gold pieces
 36266 | D:12     | Found Peuv's Antique Weapon Boutique.
 36305 | D:12     | Found a flagged portal.
 36594 | Bailey   | Entered a bailey
 37448 | D:12     | Noticed Urug
 37455 | D:12     | Killed Urug
 38333 | D:12     | Learned a level 6 spell: Starburst
 38598 | D:13     | Found a stormy altar of Qazlal.
 39621 | D:14     | Found a runed translucent door.
 39623 | D:14     | Noticed Qohum's ghost (journeyman DrGl)
 39992 | D:14     | Reached XP level 16. HP: 136/136 MP: 18/36
 40349 | D:14     | Found a hide-covered altar of Uskayaw.
 40434 | D:14     | Identified the +2 trident of Gekkuop {flame, Fragile Str+3
                  | Dex+4}
 40446 | D:14     | Identified the +3 long sword of True Grit {venom, Str+3}
 41137 | D:14     | Found a gate to the Vaults.
 41966 | D:13     | Killed Qohum's ghost
 42259 | D:15     | Entered Level 15 of the Dungeon
 42309 | D:15     | Found a flickering gateway to a bazaar.
 42314 | Bazaar   | Entered a bazaar
 42406 | Bazaar   | Found Hoxir's Weapon Shoppe.
 42406 | Bazaar   | Found Hoerchor's Weapon Emporium.
 42472 | Bazaar   | Bought the +9 war axe of the Sun {vamp, Str+4 Int-2 Dex+4
                  | Stlth+} for 934 gold pieces
 42764 | D:15     | HP: 4/136 [yaktaur/bolt (13)]
 43206 | D:15     | Identified the ring of Beogh's Envy {Will+ Str+4 Int+4}
 43570 | D:15     | Identified the +7 falchion of Greed {freeze, rCorr Int-2
                  | Dex-2 Stlth+}
 43600 | D:15     | Identified the +4 falchion of Mayhem {venom, *Corrode Fly
                  | rF+++ Str-3}
 43910 | D:15     | Found a staircase to the Depths.
 45076 | Swamp:1  | Entered Level 1 of the Swamp
 45084 | Swamp:1  | Learned a level 6 spell: Statue Form
 45174 | Swamp:1  | Identified the cursed +0 pair of boots of Ashenzari's
                  | Anxiety {Fort, Range} (You found it on level 4 of the Lair
                  | of Beasts)
 45174 | Swamp:1  | Identified the cursed +0 pearl dragon scales of the Cosmos
                  | {rN+, Melee, Self} (You found it on level 1 of the Lair of
                  | Beasts)
 45533 | Swamp:1  | Identified the +2 leather armour "Fysi" {rN++}
 45668 | Swamp:1  | Reached XP level 17. HP: 137/137 MP: 8/35
 46988 | Swamp:2  | Noticed a tentacled monstrosity
 47014 | Swamp:2  | Killed a tentacled monstrosity
 47570 | Swamp:3  | Noticed a tentacled monstrosity
 47589 | Swamp:2  | Killed a tentacled monstrosity
 47597 | Swamp:2  | Slain by an 11-headed hydra

Illustrated notes

Levels and vault maps discovered:
D:1:      roderic_dead_forest, layout_basic, ebering_ecumenical_altar_hall
D:2:      layout_basic, basic_altar, uniq_jessica
D:3:      layout_basic, nicolae_ru_the_path_less_chosen
D:4:      layout_rooms, serial_undead, serial_undead_a, serial_undead_c,
          serial_undead_a, serial_undead_a
D:5:      layout_basic, grunt_dithmenos_smoke, uniq_eustachio, uniq_grinder,
          uniq_sigmund, uniq_duvessa
D:6:      layout_basic, nicolae_overflow_hidden_temple,
          minmay_temple_entry_tees, nicolae_underground_beach
D:7:      layout_rooms, minivault_26
D:8:      layout_loops_cross, kennysheep_mini, special_room [special_room_orc],
          minmay_tree_intersection, kennysheep_small_square, uniq_joseph
D:9:      layout_roguey, minitemple, david_lair_generic,
          kennysheep_big_empty_room
D:10:     layout_rooms, nicolae_vehumet_radiance, minmay_sticks_and_stones
D:11:     layout_loops_ring, orc_0_dummy, special_room [special_room_bee],
          serial_shops, shop, dk_vineyard_3
D:12:     layout_loops_ring, enter_bailey_8, serial_shops,
          nicolae_shop_competitors_out_of_business, st_stairs_3, uniq_urug
D:13:     layout_irregular_city, serial_bayou_lagoon_a,
          nicolae_qazlal_general_emergency
D:14:     layout_stronghold, grunt_vaults_entry_tiered,
          ebering_ghost_funeral_grove, nicolae_uskayaw_murder_on_the_dancefloor
D:15:     gammafunk_depths_entry_grave, layout_irregular_city, serial_shops,
          bzr_entry_road
Temple:   nicolae_temple_great_sept
Lair:1:   layout_concentric_octagons, chequers_serial_rivers_small_a,
          chequers_serial_rivers_marsh
Lair:2:   layout_regular_city, spider_nest_entry_rubble, serial_bayou_shore_b,
          lemuel_fruit_tree, uniq_nergalle
Lair:3:   layout_chaotic_city, swamp_mist, nzn_ghost_randoct
Lair:4:   layout_hall_layers
Lair:5:   layout_hall_layers, slime_altar_1, beast_lair_carwin_7,
          serial_bayou_shore_a
Lair:6:   due_jungle_book, layout_loops_ring, special_room
          [special_room_mythical_zoo], minivault_23
Swamp:1:  layout_basic_swamp, evilmike_swamp_ruin_house_1, hangedman_swamp_dais
Swamp:2:  cheibrodos_swamp_monstrosity, layout_basic_swamp, serial_swamp_ruin,
          evilmike_swamp_ruin_wall, evilmike_swamp_ruin_house_6,
          evilmike_swamp_ruin_house_3
Swamp:3:  nzn_winding_woodlands_small [nzn_winding_woodlands_5x15_cabin,
          nzn_winding_woodlands_center_garden,
          nzn_winding_woodlands_5x15_jagged], layout_basic_swamp,
          hangedman_swamp_ruin_wall, swamp_pool5, nzn_swamp_dancing_lights
Orc:1:    layout_diamond_mine, serial_shops, shop
Orc:2:    st_orc_elflike, layout_diamond_mine, nicolae_orc_sculptors_studio,
          uniq_jorgrun

Skill      XL: |  1  2  3  4  5  6  7  8  9 10 11 12 13 14 15 16 17 |
---------------+----------------------------------------------------+-----
Spellcasting   | 5 6 7 8 9 10 11 12 | 12.4
Invocations    | 1 2 3 4 5 6 7 8 9 10 11 12 | 12.4
Fighting       | 1 2 3 4 5 6 7 8 9 10 11 | 11.5
Short Blades   | 1 2 3 4 5 6 7 8 9 10 11 | 11.5
Long Blades    | 1 2 3 4 5 6 7 8 9 10 11 | 11.5
Axes           | 1 2 3 4 5 6 7 8 9 10 11 | 11.5
Maces & Flails | 1 2 3 4 5 6 7 8 9 10 11 | 11.5
Polearms       | 1 2 3 4 5 6 7 8 9 10 11 | 11.5
Staves         | 1 2 3 4 5 6 7 8 9 10 11 | 11.5
Slings         | 1 2 3 4 5 6 7 8 9 10 11 | 11.5
Bows           | 1 2 3 4 5 6 7 8 9 10 11 | 11.5
Crossbows      | 1 2 3 4 5 6 7 8 9 10 11 | 11.5
Throwing       | 1 2 3 4 5 6 7 8 9 10 11 | 11.5
Armour         | 1 2 3 4 5 6 7 8 9 10 11 | 11.5
Shields        | 1 2 3 4 5 6 7 8 9 10 11 | 11.5
Unarmed Combat | 1 2 3 4 5 6 7 8 9 10 11 12 | 12.3
Evocations     | 1 2 3 4 5 6 7 8 9 10 11 | 11.5
Hexes          | 1 2 3 4 5 6 7 8 9 |  9.8
Summonings     | 1 2 3 4 5 6 7 8 9 |  9.8
Necromancy     | 1 2 3 4 5 6 7 8 9 |  9.8
Translocations | 1 2 3 4 5 6 7 8 9 |  9.8
Transmutations | 1 2 3 4 5 6 7 8 9 |  9.8
Fire Magic     | 1 2 3 4 5 6 7 8 9 |  9.8
Ice Magic      | 1 2 3 4 5 6 7 8 9 |  9.8
Air Magic      | 1 2 3 4 5 6 7 8 9 |  9.8
Earth Magic    | 1 2 3 4 5 6 7 8 9 |  9.8
Poison Magic   | 1 2 3 4 5 6 7 8 9 |  9.8
Dodging        | 5 6 7 8 9 10 11 12 | 12.3
Stealth        | 5 6 7 8 9 10 11 12 | 12.2
Conjurations   | 8 9 10 11 | 11.9

Action                   |  1- 3 |  4- 6 |  7- 9 | 10-12 | 13-15 | 16-18 || total
-------------------------+-------+-------+-------+-------+-------+-------++-------
Melee: Mace              |       |    11 |    17 |       |       |       ||    28
       Bite              |       |       |     9 |     8 |    34 |    46 ||    97
       Punch             |       |       |     3 |     4 |    17 |    12 ||    36
       Spear             |       |       |    83 |    26 |       |       ||   109
       Trident           |       |       |       |    90 |   283 |    79 ||   452
       War axe           |       |       |       |       |       |   270 ||   270
 Cast: Magic Dart        |    55 |   149 |   260 |   234 |   273 |     5 ||   976
       Searing Ray       |       |     3 |    31 |    32 |    28 |     3 ||    97
       Fulminant Prism   |       |     1 |     4 |       |     7 |       ||    12
       Mephitic Cloud    |       |       |     5 |     2 |       |       ||     7
       Olgreb's Toxic Ra |       |       |       |    92 |   201 |    62 ||   355
       Ignite Poison     |       |       |       |    27 |    89 |    23 ||   139
       Bolt of Magma     |       |       |       |     5 |    20 |   110 ||   135
       Stone Arrow       |       |       |       |    28 |    68 |     1 ||    97
       Poisonous Vapours |       |       |       |       |    74 |     3 ||    77
       Iron Shot         |       |       |       |       |    21 |     6 ||    27
       Starburst         |       |       |       |       |     3 |     1 ||     4
       Statue Form       |       |       |       |       |       |    10 ||    10
Invok: Curse Item        |       |       |     1 |     6 |     5 |     3 ||    15
       Shatter the Chain |       |       |       |     1 |     3 |     2 ||     6
Evoke: Wand              |       |       |       |       |     8 |     1 ||     9
  Use: Potion            |       |       |     1 |     4 |     2 |     5 ||    12
       Scroll            |       |       |       |     4 |     4 |     4 ||    12
 Stab: Sleeping          |       |       |       |       |       |     1 ||     1
Armor: Robe              |       |     8 |     4 |       |       |       ||    12
       Leather armour    |       |       |    34 |    14 |       |       ||    48
       Skin              |       |       |       |     5 |       |   122 ||   127
       Ring mail         |       |       |       |    64 |       |       ||    64
       Pearl dragon scal |       |       |       |    14 |   309 |   138 ||   461
Dodge: Dodged            |     2 |    31 |   126 |   160 |   290 |   448 ||  1057
Block: Kite shield       |       |       |       |       |       |   257 ||   257

Table legend: (Time is in decaauts)
 A = Elapsed time spent in this place.
 B = Non-inter-level travel time spent in this place.
 C = Inter-level travel time spent in this place.
 D = Time resting spent in this place.
 E = Time spent auto-exploring this place.
 F = Levels seen in this place.
 G = Mean time per level.
                   A        B        C        D        E       F      G
               +--------+--------+--------+--------+--------+-----+--------+
         Total |  47782 |  46093 |   1689 |   4204 |  36201 |  29 | 1647.7 |
       Dungeon |  27108 |  26026 |   1082 |   2938 |  19969 |  15 | 1807.2 |
        Temple |    133 |    123 |     10 |      0 |     73 |   1 |  133.0 |
          Lair |  13648 |  13187 |    461 |    612 |  11216 |   6 | 2274.7 |
         Swamp |   2821 |   2728 |     93 |    220 |   2017 |   3 |  940.3 |
  Orcish Mines |   3525 |   3483 |     42 |    330 |   2611 |   2 | 1762.5 |
        Bazaar |    177 |    177 |      0 |      0 |    118 |   1 |  177.0 |
        Bailey |    368 |    368 |      0 |    104 |    196 |   1 |  368.0 |
               +--------+--------+--------+--------+--------+-----+--------+

Top non-repeatable levels by time:
  Lair:6: 4527 daAuts
     D:9: 2916 daAuts
    D:14: 2473 daAuts
    D:15: 2407 daAuts
     D:5: 2214 daAuts
  Lair:2: 2135 daAuts
    D:11: 2070 daAuts
   Orc:2: 2018 daAuts
     D:6: 1955 daAuts
  Lair:1: 1933 daAuts
  Lair:5: 1925 daAuts
     D:8: 1921 daAuts
     D:4: 1883 daAuts
    D:12: 1812 daAuts
  Lair:3: 1613 daAuts
